 Dungeon Crawl Stone Soup version 0.13.0-3-g966e3ec (webtiles) character file.

841 MackTheKnife the Firebug (level 7, 0/38 HPs)
             Began as a Deep Elf Fire Elementalist on Oct 13, 2013.
             Slain by Edmund
             ... wielding a +2,+1 flail of holy wrath
              (7 damage)
             ... on Level 5 of the Dungeon.
             The game lasted 00:14:27 (7034 turns).

MackTheKnife the Firebug (DEFE)                     Turns: 7034, Time: 00:14:27

HP   0/38        AC 14     Str 16      XL: 7   Next: 26%
MP   0/20        EV  9     Int 20      God:
Gold 199         SH  0     Dex 18      Spells:  4 memorised,  2 levels left

Res.Fire  : . . .   See Invis. : .   y - +1 whip (elec)
Res.Cold  : . . .   Warding    : .   D - +6 ring mail of Insecurity {Str+4 Dex+3}
Life Prot.: . . .   Conserve   : .   (no shield)
Res.Poison: .       Res.Corr.  : .   (no helmet)
Res.Elec. : .       Clarity    : .   t - +1 elf cloak
Sust.Abil.: . .     Spirit.Shd : +   w - +0 pair of orc gloves (curse)
Res.Mut.  : .       Stasis     : .   (no boots)
Res.Rott. : .       Flight     : .   a - amulet of guardian spirit
Saprovore : . . .                    (no ring)
                                     (no ring)

@: mighty, slightly resistant to hostile enchantments, fairly stealthy
A: no striking features
a: no special abilities


You were on level 5 of the Dungeon.
You were hungry.

You visited 1 branch of the dungeon, and saw 5 of its levels.

You collected 179 gold pieces.

Inventory:

Hand weapons
 o - a +4,+3 quarterstaff of chaos
 y - a +1,+1 whip of electrocution (weapon)
Armour
 f - a +1 leather armour
 t - a +1 elven cloak (worn)
 w - a cursed +0 pair of orcish gloves (worn)
 D - the +6 ring mail of Insecurity (worn) {Str+4 Dex+3}
   (You found it on level 4 of the Dungeon)

   It affects your strength (+4).
   It affects your dexterity (+3).
Comestibles
 c - 3 bread rations
 l - 5 sultanas
 u - 14 strawberries
 x - an orange
 z - 7 grapes
Scrolls
 d - a scroll of magic mapping {unknown}
 g - a scroll of blinking {unknown}
 k - a scroll of recharging {unknown}
 n - 5 scrolls of remove curse
 p - 3 scrolls of teleportation
 B - a scroll of enchant weapon I {unknown}
 C - a scroll of noise {unknown}
 E - a scroll of fear {unknown}
 G - a scroll of curse weapon {unknown}
 I - a scroll of fog {unknown}
 J - a scroll of enchant weapon II {unknown}
Jewellery
 a - an amulet of guardian spirit (around neck)
 r - an uncursed amulet of stasis
Potions
 e - a potion of flight {unknown}
 i - 2 potions of restore abilities
 j - 2 potions of resistance
 m - a potion of brilliance {unknown}
 q - a potion of confusion
 s - a potion of might
 v - 3 potions of curing
 F - a potion of heal wounds {unknown}
Books
 b - a book of Flames

   Spells                             Type                      Level
   *Flame Tongue                      Conjuration/Fire             1
   *Throw Flame                       Conjuration/Fire             2
   *Conjure Flame                     Conjuration/Fire             3
   Inner Flame                        Hexes/Fire                   3
   Sticky Flame                       Conjuration/Fire             4
   *Fireball                          Conjuration/Fire             5
 A - a book of Envenomations

   Spells                             Type                      Level
   Spider Form                        Transmutation/Poison         3
   Poison Weapon                      Charms/Poison                3
   Summon Scorpions                   Summoning/Poison             4
   Olgreb's Toxic Radiance            Poison                       4
   Poisonous Cloud                    Conjuration/Poison/Air       6


   Skills:
 + Level 2.4 Fighting
 + Level 2.2 Maces & Flails
 - Level 2.4 Dodging
 - Level 2.4 Stealth
 - Level 3.5 Spellcasting
 - Level 3.2 Conjurations
 + Level 6.3 Fire Magic


You had 2 spell levels left.
You knew the following spells:

 Your Spells              Type           Power        Failure   Level  Hunger
a - Flame Tongue          Conj/Fire      ###..        2%          1    None
b - Throw Flame           Conj/Fire      ###...       3%          2    ##.....
c - Conjure Flame         Conj/Fire      ###.....     10%         3    ###....
d - Fireball              Conj/Fire      ###.......   69%         5    #####..


Dungeon Overview and Level Annotations

Branches:
Dungeon (5/27)
 Temple: D:4-7

Altars:
Okawaru
Trog

Annotations:
D:3 erdraug's ghost, average TeCj
D:5 Edmund


Message History

Aiming: Flame Tongue
Press: ? - help, Shift-Dir - straight line, f/p - Edmund
Aim: Edmund, wielding a runed flail, wearing an orcish scale mail and carrying a wand of flame {zapped: 9} (almost dead)
The flame hits Edmund.
Edmund is almost dead.
Edmund zaps a wand.
The puff of flame misses you.
Drink which item? (? for menu, Esc to quit)
You are confused.
It was a potion of confusion.
You are feeling hungry.
Edmund zaps a wand.
The puff of flame hits you!
* * * LOW HITPOINT WARNING * * *
Drink which item? (? for menu, Esc to quit)
You feel very mighty all of a sudden.
It was a potion of might.
Drink which item? (? for menu, Esc to quit)
You feel better.
It was a potion of curing.
Edmund asks, "Have you met my wondrous brother?"
Edmund hits you with a runed flail!
You die...

##.#..##.##.# #.# #.# #...
##.#..##.##.# #.### #.#
##.. ##..........# #...#
#.# #.. .........####
###.# #.# #..
####..########## #.# #.#
##.. ####...........# #.#
#.# ##... ##..(........#.#
#.# #.# #....
##.########.@#.###.# #.#
#....
##.########..#.@@..#####.#
#.#..
.........##..########....#
#.##. ##.#####.##..#
#.#### #.#.. #.# #..# #.#
#.... #.# #..#
#.#######.#.. #.# #..#
#.........##. #.. ...#
######....... ### .##
#.##.... ...##....


You could see Edmund.

Vanquished Creatures
  A sky beast (D:5)
  An ogre (D:5)
  A centaur (D:5)
  2 crimson imps (D:5)
  Crazy Yiuf (D:3)
  An orc priest (D:4)
  An orc wizard (D:4)
  A scorpion (D:5)
  2 worker ants (D:4)
  Terence (D:3)
  4 gnolls (D:3)
  3 adders
  A giant mite (D:5)
  A worm (D:2)
  A giant eyeball (D:4)
  4 giant geckos
  3 orcs
  A ball python (D:1)
  8 bats
  5 giant cockroaches
  11 hobgoblins
  11 jackals
  2 quokkas
  5 giant newts
  11 goblins
  A hobgoblin zombie (D:5)
  12 kobolds
  An orc skeleton (D:4)
  A quokka skeleton (D:4)
  11 rats
  A fungus (D:3)
110 creatures vanquished.

Notes
Turn   | Place    | Note
--------------------------------------------------------------
     0 | D:1      | MackTheKnife, the Deep Elf Fire Elementalist, began the quest for the Orb.
     0 | D:1      | Reached XP level 1. HP: 10/10 MP: 4/4
   719 | D:1      | Reached XP level 2. HP: 15/15 MP: 6/6
   731 | D:1      | Learned a level 2 spell: Throw Flame
  1893 | D:2      | Reached XP level 3. HP: 19/19 MP: 7/9
  2189 | D:2      | Reached skill level 4 in Fire Magic
  2723 | D:3      | Noticed erdraug's ghost (average TeCj)
  2731 | D:3      | Learned a level 3 spell: Conjure Flame
  2927 | D:3      | Reached XP level 4. HP: 18/24 MP: 0/12
  3470 | D:3      | Noticed Terence
  3490 | D:3      | Killed Terence
  3653 | D:3      | Noticed Crazy Yiuf
  3678 | D:3      | Killed Crazy Yiuf
  4001 | D:3      | Reached skill level 5 in Fire Magic
  4001 | D:3      | Reached XP level 5. HP: 28/28 MP: 0/16
  4476 | D:4      | Learned a level 5 spell: Fireball
  4487 | D:4      | Found an iron altar of Okawaru.
  4625 | D:4      | Got a crude ring mail
  4682 | D:4      | Identified the +6 ring mail of Insecurity {Str+4 Dex+3} (You found it on level 4 of the Dungeon)
  5306 | D:4      | Reached skill level 1 in Fighting
  5475 | D:4      | Reached skill level 1 in Maces & Flails
  5475 | D:4      | Reached XP level 6. HP: 28/32 MP: 18/18
  5847 | D:5      | Entered Level 5 of the Dungeon
  6347 | D:5      | Reached skill level 6 in Fire Magic
  6347 | D:5      | Reached XP level 7. HP: 19/37 MP: 7/20
  6905 | D:5      | Found a bloodstained altar of Trog.
  7007 | D:5      | Noticed Edmund
  7025 | D:5      | HP: 1/38 [Edmund/wand of flame (4)]
  7032 | D:5      | HP: 1/38 [Edmund/wand of flame (1)]
  7034 | D:5      | Slain by Edmund

Action                   |  1- 3 |  4- 6 |  7- 9 || total
-------------------------+-------+-------+-------++-------
Melee: Whip              |    62 |   119 |    29 ||   210
       Mace              |    20 |    37 |       ||    57
       Unarmed           |     1 |       |       ||     1
       Quarterstaff      |       |     8 |       ||     8
 Cast: Flame Tongue      |    44 |    39 |    13 ||    96
       Throw Flame       |     7 |    21 |     6 ||    34
       Conjure Flame     |     1 |     3 |       ||     4
  Use: Scroll            |     2 |     1 |     1 ||     4
       Potion            |       |       |     4 ||     4
 Stab: Sleeping          |     4 |     6 |       ||    10
